 Dungeon Crawl Stone Soup version 0.32-a0-433-g08bcfe7efd (webtiles) character file.

Game seed: 10163133601467646700

57 CougarLife the Digger (level 4, 0/24 HPs)
             Began as a Gargoyle Earth Elementalist on Feb 23, 2024.
             Slain by a gnoll
             ... wielding a +0 club
              (8 damage)
             ... on level 2 of the Dungeon.
             The game lasted 00:01:09 (1546 turns).

CougarLife the Digger (Gargoyle Earth Elementalist) Turns: 1546, Time: 00:01:09

Health: 0/24       AC:  6    Str: 12    XL:     4   Next: 0%
Magic:  3/8        EV: 11    Int: 17    God:
Gold:   70         SH:  0    Dex: 10    Spells: 7/8 levels left

rFire   . . .        f - +0 dagger
rCold   . . .        (no shield)
rNeg    + . .        a - +0 robe
rPois   ∞            (no helmet)
rElec   +            l - +0 cloak
rCorr   .            (no gloves)
SInv    .            (no boots)
Will    .....        (no amulet)
Stlth   ++           (no ring)
HPRegen 0.24/turn    (no ring)
MPRegen 0.11/turn

%: no passive effects
@: no status effects
A: sickness immunity, AC +3, negative energy resistance 1, electricity
resistance, torment resistance 1, petrification resistance
a: no special abilities


You were on level 2 of the Dungeon.
You visited 1 branch of the dungeon, and saw 2 of its levels.

You collected 70 gold pieces.

Inventory:

Hand Weapons
 f - a +0 dagger (weapon)
Missiles
 q - a throwing net
Armour
 a - a +0 robe (worn)
 l - a +0 cloak (worn)
Scrolls
 e - a scroll of immolation {unknown}
 g - a scroll of enchant armour {unknown}
 h - a scroll of blinking {unknown}
 m - 3 scrolls of silence {unknown}
 p - a scroll of identify {unknown}
Potions
 b - 2 potions of magic
 c - a potion of degeneration {unknown}
 d - 2 potions of resistance {unknown}
 i - a potion of might {unknown}
 j - a potion of cancellation {unknown}
 k - a potion of invisibility {unknown}
 n - a potion of lignification {unknown}
 o - a potion of ambrosia {unknown}


   Skills:
 - Level 1.5 Dodging
 - Level 2.1 Stealth
 + Level 2.7 Spellcasting
 + Level 2.4 Conjurations
 + Level 4.4 Earth Magic


You had 7 spell levels left.
You knew the following spells:

 Your Spells              Type           Power      Damage    Failure   Level
a - Sandblast             Erth           34%        2d9       3%          1

Your spell library contained the following spells:

 Spells                   Type           Power      Damage    Failure   Level
 Passwall                 Erth           17%        N/A       9%          3
 Stone Arrow              Conj/Erth      26%        3d8       13%         3
 Brom's Barrelling Bould  Conj/Erth      13%        2d4       41%         4
 Petrify                  Alch/Erth      9%         N/A       58%         4


Dungeon Overview and Level Annotations

Branches:
Dungeon (2/15)

Altars:


Innate Abilities, Weirdness & Mutations

You are immune to sickness and miasma.
Your stone body is resilient. (AC +3)
You are immune to poison.
You resist negative energy. (rN+)
You are resistant to electric shocks. (rElec)
You are resistant to unholy torment.
You are immune to petrification.


Message History

The gnoll hits you with a +0 halberd.
There are monsters nearby!
The blast of sand hits the gnoll!
You kill the gnoll!
A gnoll comes into view. It is wielding a +0 spear.
You have reached level 4!
You feel stronger. The gnoll attacks as it pursues you!
The gnoll barely misses you.
The gnoll throws a throwing net.
The throwing net barely misses you. The gnoll attacks as it pursues you!
The gnoll barely misses you. The gnoll attacks as it pursues you!
The gnoll hits you with a +0 club.
You see here a throwing net.
q - a throwing net The gnoll hits you with a +0 club.
Casting: Sandblast (safe; 3% risk of failure)
Confirm with . or Enter, or press ? or * to list all spells.
Aiming: Sandblast (safe; 3% risk of failure)
Press: ? - help, Shift-Dir - straight line, f - gnoll
Aim: a gnoll, wielding a +0 club (84% to hit)
The blast of sand hits the gnoll!
The gnoll is severely wounded.
The gnoll closely misses you.
Casting: Sandblast (safe; 3% risk of failure)
Confirm with . or Enter, or press ? or * to list all spells.
Aiming: Sandblast (safe; 3% risk of failure)
Press: ? - help, Shift-Dir - straight line, f - gnoll, p - gnoll
Aim: a gnoll, wielding a +0 spear (84% to hit)
The blast of sand hits the gnoll.
The gnoll is moderately wounded.
The gnoll closely misses you. The gnoll hits you with a +0 club.
The gnoll closely misses you. The gnoll barely misses you.
Casting: Sandblast (safe; 3% risk of failure)
Confirm with . or Enter, or press ? or * to list all spells.
Aiming: Sandblast (safe; 3% risk of failure)
Press: ? - help, Shift-Dir - straight line, f/p - gnoll
Aim: a gnoll, wielding a +0 spear (moderately wounded, 84% to hit)
The blast of sand hits the gnoll!
The gnoll is almost dead.
The gnoll barely misses you. The gnoll hits you with a +0 club!
You die...

.............
.........).###.# .
..............#
...#........###.#
##.#.#....###...#.
#.................
.......g..##......
#....##....#.g...#####...
#
#.....#....#.g@..........
. .....#....#....##...###
# #....#....#.......### #
#.... ..##.....##### #
#...# #.##........... #
#...####.##†....######
#####...#.......†......
.....†...........######
#######.............#


You could see 3 gnolls.

Vanquished Creatures
  A gnoll (D:2)
  3 dart slugs
  4 bats
  7 endoplasms (D:1)
  2 giant cockroaches (D:1)
  2 goblins (D:1)
  5 hobgoblins (D:1)
  A quokka (D:2)
  3 ball pythons
  4 frilled lizards (D:1)
  2 kobolds
  6 rats
40 creatures vanquished.

Notes
Turn   | Place    | Note
-------+----------+-------------------------------------------
     0 | D:1      | CougarLife the Gargoyle Earth Elementalist began the quest
                  | for the Orb.
     0 | D:1      | Reached XP level 1. HP: 10/10 MP: 3/3
   184 | D:1      | Reached XP level 2. HP: 15/15 MP: 3/5
   337 | D:1      | Reached skill level 4 in Earth Magic
   683 | D:1      | Reached XP level 3. HP: 19/19 MP: 3/6
  1537 | D:2      | Reached XP level 4. HP: 16/24 MP: 5/8
  1546 | D:2      | Slain by a gnoll

Illustrated notes

Levels and vault maps discovered:
D:1:      amcnicky_arrival_feature_with_door, layout_basic,
          minmay_misc_feat_tower, st_stairs_3, minmay_quantized
D:2:      layout_basic

Skill      XL: |  1  2  3 |
---------------+----------+-----
Earth Magic    | 4 |  4.4
Conjurations   | 2 |  2.4
Dodging        | |  1.5
Stealth        | |  2.1
Spellcasting   | |  2.7

Action                     |  1- 3 |  4- 6 || total
---------------------------+-------+-------++-------
  Melee: Unarmed           |    30 |       ||    30
         Dagger            |     9 |       ||     9
   Cast: Sandblast         |    57 |     3 ||    60
 Armour: Robe              |    34 |     4 ||    38
  Dodge: Dodged            |    44 |     8 ||    52

Table legend: (Time is in decaauts)
 A = Elapsed time spent in this place.
 B = Non-inter-level travel time spent in this place.
 C = Inter-level travel time spent in this place.
 D = Time resting spent in this place.
 E = Time spent auto-exploring this place.
 F = Levels seen in this place.
 G = Mean time per level.
                   A        B        C        D        E       F      G
               +--------+--------+--------+--------+--------+-----+--------+
         Total |   1574 |   1501 |     73 |     34 |   1215 |   2 |  787.0 |
       Dungeon |   1574 |   1501 |     73 |     34 |   1215 |   2 |  787.0 |
               +--------+--------+--------+--------+--------+-----+--------+

Top non-repeatable levels by time:
     D:1: 1266 daAuts
     D:2: 308 daAuts
